 Dungeon Crawl Stone Soup version 0.21-a0-142-gdd972a7 (webtiles) character file.

2652 Musica the Thaumaturge (level 9, -11/45 HPs)
             Began as a Deep Elf Summoner on July 24, 2017.
             Was a Believer of Sif Muna.
             Mangled by jotwebe's ghost (13 damage)
             ... on level 8 of the Dungeon.
             The game lasted 00:36:28 (7477 turns).

Musica the Thaumaturge (Deep Elf Summoner)          Turns: 7477, Time: 00:36:29

Health: -11/45     AC: 11    Str:  5    XL:     9   Next: 36%
Magic:  19/24      EV: 12    Int: 24    God:    Sif Muna [**....]
Gold:   428        SH:  0    Dex: 15    Spells: 13/26 levels left

rFire    + . .     SeeInvis .   O - +4 halberd
rCold    . . .     Gourm    .   (shield currently unavailable)
rNeg     . . .     Faith    .   A - +2 leather armour {rF+}
rPois    .         Spirit   .   E - +1 hat
rElec    .         Reflect  .   u - +0 cloak
rCorr    .         Harm     .   m - +0 pair of gloves
MR       .....                  p - +2 pair of boots {Stlth+}
Stlth    ++++......             r - amulet of magic regeneration
HPRegen  0.15/turn              g - ring of stealth
MPRegen  0.44/turn              (no ring)

@: no status effects
A: no striking features
a: Divine Energy, Renounce Religion


You were on level 8 of the Dungeon.
You worshipped Sif Muna.
Sif Muna was pleased with you.
You were not hungry.

You visited 1 branch of the dungeon, and saw 9 of its levels.

You collected 428 gold pieces.

Inventory:

Hand Weapons
 D - a +0 blowgun
 L - a +1 dagger of venom
 O - a +4 halberd (weapon)
Missiles
 j - 6 tomahawks (quivered)
 o - 59 arrows
 y - 35 poisoned needles
Armour
 m - a +0 pair of gloves (worn)
 p - a +2 pair of boots of stealth (worn)
 u - a +0 cloak (worn)
 w - a +2 robe
 A - a +2 leather armour of fire resistance (worn)
 E - a +1 hat (worn)
Magical Staves
 H - an uncursed staff of energy
Jewellery
 d - an uncursed ring of poison resistance
 g - a ring of stealth (left hand)
 r - an amulet of magic regeneration (around neck)
 M - an uncursed ring of fire
Wands
 G - a wand of iceblast (3/15)
Scrolls
 e - 2 scrolls of remove curse
 h - a scroll of enchant armour
 i - 5 scrolls of identify
 k - 2 scrolls of teleportation
 n - 2 scrolls of recharging
 v - a scroll of enchant weapon {unknown}
 F - 2 scrolls of amnesia
 N - 2 scrolls of blinking
Potions
 a - a potion of agility
 f - 3 potions of might
 s - 2 potions of lignification
 I - 2 potions of haste
Books
 b - a book of Callings

   Spells                             Type                      Level
   a - Summon Small Mammal            Summoning                    1
   b - Call Imp                       Summoning                    2
   c - Call Canine Familiar           Summoning                    3
   d - Summon Guardian Golem          Hexes/Summoning              3
   e - Summon Lightning Spire         Summoning/Air                4
   f - Summon Ice Beast               Ice/Summoning                4
Comestibles
 c - 8 bread rations
 l - 5 meat rations
 q - 3 royal jellies
 t - 4 fruits


   Skills:
 + Level 4.1 Polearms
 + Level 2.8 Throwing
 - Level 2.4 Dodging
 - Level 2.4 Stealth
 + Level 9.3 Spellcasting
 + Level 7.7 Summonings
 + Level 3.9 Ice Magic
 + Level 3.3 Air Magic
 * Level 3.8 Invocations


You had 13 spell levels left.
You knew the following spells:

 Your Spells              Type           Power        Failure   Level  Hunger
a - Summon Lightning Spi  Summ/Air       #####...     10%         4    ##.....
b - Call Imp              Summ           #####...     1%          2    None
c - Call Canine Familiar  Summ           #####...     1%          3    None
d - Summon Ice Beast      Ice/Summ       #####...     9%          4    ##.....


Dungeon Overview and Level Annotations

Branches:
Dungeon (9/15)             Temple (0/1) D:6
   Lair: D:8-11         Orc: D:9-12

Altars:
Elyvilon
Makhleb
Sif Muna
Trog
Xom
Zin
The Shining One

Shops:
D:8 =

Annotations:
D:8 jotwebe's ghost, novice DrTm


Message History

Jotwebe's ghost keens inconsolably.
Jotwebe's ghost hits you.
Your lightning spire shoots out a bolt of lightning at jotwebe's ghost!
The bolt of electricity hits jotwebe's ghost.
Jotwebe's ghost resists.
The bolt of electricity hits jotwebe's ghost.
Jotwebe's ghost resists.
The bolt of electricity hits your lightning spire.
Your lightning spire completely resists.
The bolt of electricity hits your lightning spire.
Your lightning spire completely resists.
Attack whom?
Press: ? - help, Dir - move target cursor, f/p - jotwebe's ghost
Aim: jotwebe's ghost (severely damaged)
You hit jotwebe's ghost but do no damage.
Jotwebe's ghost is severely damaged.
Your ice beast misses jotwebe's ghost.
Jotwebe's ghost hits you!
* * * LOW HITPOINT WARNING * * *
Jotwebe's ghost hits you!
You die...

...'....#..................#
#..#....###..##..##...##..######
#'###.....#####..##...#####....#
....#.....#..######...#........#
....#.....#...'.......#........#
#'###.....#..##.......#........#
.........##..##..######[.<.....#
.........#...##..##............#
.........#......@WY.†..........##
.........######..8#....####......
..............#####....# #......
............)).....##### #......
...................# #......
....#+###..Y.......# #......
....#...###'##.....# #......
....'........#.....# #......
....#........#.....# #......


You could see jotwebe's ghost, a friendly ice beast and a friendly lightning
spire.

Vanquished Creatures
  An ogre (D:7)
  A scorpion (D:8)
  A wight (D:6)
  A howler monkey (D:8)
  An orc wizard (D:7)
  3 worker ants
  A hound skeleton (D:5)
  An adder (D:6)
  An ooze (D:3)
  An adder zombie (D:8)
  4 leopard geckos
  6 orcs
  4 bats
  A giant cockroach (D:3)
  3 hobgoblins
  5 jackals
  3 kobolds
  2 quokkas
  4 frilled lizards
  3 goblins
  A quokka zombie (D:6)
  5 rats
53 creatures vanquished.

Vanquished Creatures (collateral kills)
  Gastronok (D:8)
  Menkaure (D:5)
  2 orc warriors
  2 ice beasts
  The ghost of Badteeth the Cudgeler, an amateur MiMo (D:3)
  A necrophage (D:5)
  2 phantoms (D:4)
  4 ogres
  A bullfrog (D:8)
  A scorpion (D:6)
  8 wights (D:6)
  2 howler monkeys (D:8)
  2 crimson imps
  2 orc priests (D:7)
  4 hounds
  8 orc wizards
  Jessica (D:2)
  An iguana (D:8)
  3 worker ants
  A hound zombie (D:4)
  A hound skeleton (D:6)
  An adder (D:3)
  5 oozes
  An adder zombie (D:5)
  2 worms
  A dart slug (D:2)
  4 leopard geckos
  15 orcs
  5 bats
  2 giant cockroaches (D:3)
  A goblin (D:3)
  4 hobgoblins
  4 jackals
  4 kobolds
  A quokka (D:4)
  8 frilled lizards
  A jackal zombie (D:6)
  A quokka skeleton (D:7)
  4 rats
113 creatures vanquished.

Grand Total: 166 creatures vanquished

Notes
Turn   | Place    | Note
-------+----------+-------------------------------------------
     0 | D:1      | Musica the Deep Elf Summoner began the quest for the Orb.
     0 | D:1      | Reached XP level 1. HP: 10/10 MP: 6/6
   418 | D:1      | Reached XP level 2. HP: 15/15 MP: 4/8
   422 | D:1      | Learned a level 2 spell: Call Imp
   644 | D:1      | Reached skill level 5 in Summonings
  1466 | D:2      | Reached XP level 3. HP: 17/19 MP: 5/10
  1481 | D:2      | Reached skill level 4 in Spellcasting
  1631 | D:2      | Noticed Jessica
  1637 | D:2      | Killed Jessica
  1722 | D:2      | Learned a level 3 spell: Call Canine Familiar
  1779 | D:2      | Found a glowing silver altar of Zin.
  2004 | D:3      | Reached XP level 4. HP: 24/24 MP: 12/12
  2222 | D:3      | Reached skill level 1 in Throwing
  2247 | D:3      | Found a deep blue altar of Sif Muna.
  2261 | D:3      | Became a worshipper of Sif Muna the Loreminder
  2278 | D:4      | Noticed an ogre
  2523 | D:3      | Noticed Badteeth's ghost (amateur MiMo)
  2549 | D:3      | Killed Badteeth's ghost
  2549 | D:3      | Reached skill level 5 in Spellcasting
  2564 | D:3      | Learned a level 4 spell: Summon Lightning Spire
  2569 | D:3      | Learned a level 4 spell: Summon Ice Beast
  2720 | D:3      | Reached XP level 5. HP: 28/28 MP: 14/14
  2905 | D:4      | Killed an ogre
  3085 | D:4      | Noticed a phantom
  3168 | D:5      | Entered Level 5 of the Dungeon
  3168 | D:5      | Noticed Menkaure
  3168 | D:5      | Noticed a necrophage
  3783 | D:4      | Noticed a phantom
  3792 | D:4      | Killed a phantom
  3792 | D:4      | Reached skill level 6 in Spellcasting
  3792 | D:4      | Reached skill level 1 in Air Magic
  3792 | D:4      | Reached XP level 6. HP: 32/32 MP: 11/17
  4216 | D:5      | Reached skill level 1 in Ice Magic
  4221 | D:5      | Reached skill level 1 in Polearms
  4299 | D:5      | Found a bloodstained altar of Trog.
  4303 | D:5      | Found a glowing golden altar of the Shining One.
  4404 | D:5      | Noticed an ice beast
  4415 | D:5      | Killed an ice beast
  4537 | D:5      | Killed Menkaure
  4537 | D:5      | Reached XP level 7. HP: 19/36 MP: 7/19
  4838 | D:6      | Reached skill level 7 in Spellcasting
  4858 | D:6      | Reached * piety under Sif Muna
  5277 | D:6      | Reached skill level 8 in Spellcasting
  5565 | D:6      | Found a staircase to the Ecumenical Temple.
  5566 | D:6      | Reached XP level 8. HP: 41/41 MP: 22/22
  6043 | D:7      | Found a burning altar of Makhleb.
  6046 | D:7      | Found a shimmering altar of Xom.
  6536 | D:8      | Noticed Gastronok
  6545 | D:8      | HP: 2/41 [Gastronok (23)]
  6552 | D:8      | Killed Gastronok
  6552 | D:8      | Reached ** piety under Sif Muna
  6552 | D:8      | Reached skill level 9 in Spellcasting
  6552 | D:8      | Reached XP level 9. HP: 12/45 MP: 22/24
  6793 | D:8      | Noticed jotwebe's ghost (novice DrTm)
  6922 | D:8      | Found Ebeaxe's Jewellery Emporium.
  6946 | D:8      | Found a white marble altar of Elyvilon.
  7477 | D:8      | HP: 2/45 [jotwebe's ghost (16)]
  7477 | D:8      | Mangled by jotwebe's ghost

Vault maps used:
D:1:      minmay_arrival_checkered_box, hangedman_decor_clover_reticule
D:2:      kennysheep_big_flooded_room, zin_treasury, uniq_jessica
D:3:      lemuel_crystal_altar, kennysheep_minor_cross, minmay_misc_feat_square
D:4:      first_bread, serial_bayou_lake_a
D:5:      grunt_temple_overflow_open, uniq_menkaure
D:6:      minmay_temple_entry_purple_smoke
D:7:      grunt_temple_overflow_champion_of_chaos
D:8:      serial_shops, nicolae_shop_statue_plus, basic_altar, uniq_gastronok
D:9:      david_orc_3, basic_loot_grate_trap, uniq_erica

Skill      XL: |  1  2  3  4  5  6  7  8  9 |
---------------+----------------------------+-----
Summonings     | 5 6 7 |  7.7
Spellcasting   | 4 5 6 8 9 |  9.3
Throwing       | 1 2 |  2.8
Air Magic      | 1 3 |  3.3
Ice Magic      | 1 2 3 |  3.9
Polearms       | 1 3 4 |  4.1
Invocations    | 3 |  3.8
Dodging        | |  2.4
Stealth        | |  2.4

Action                   |  1- 3 |  4- 6 |  7- 9 || total
-------------------------+-------+-------+-------++-------
Melee: Unarmed           |    19 |       |       ||    19
       Dagger            |    47 |       |       ||    47
       Spear             |    18 |       |       ||    18
       Trident           |    19 |    74 |    17 ||   110
       Halberd           |       |       |    84 ||    84
       Staff             |       |       |     1 ||     1
 Fire: Blowgun           |       |     6 |     7 ||    13
Throw: Tomahawk          |     7 |    12 |    10 ||    29
 Cast: Summon Small Mamm |    21 |       |       ||    21
       Call Imp          |    19 |    18 |     4 ||    41
       Call Canine Famil |     3 |    21 |    12 ||    36
       Summon Lightning  |       |     5 |     6 ||    11
       Summon Ice Beast  |       |     2 |    23 ||    25
  Use: Scroll            |       |    10 |     6 ||    16
       Potion            |       |       |    12 ||    12
 Stab: Sleeping          |     8 |     2 |     5 ||    15
       Distracted        |     2 |     1 |     1 ||     4
  Eat: Chunk             |     4 |     7 |     7 ||    18
       Royal jelly       |       |     1 |     1 ||     2
       Fruit             |       |       |     3 ||     3
Armor: Robe              |    32 |    21 |     6 ||    59
       Leather armour    |       |       |    14 ||    14
Dodge: Dodged            |    86 |    59 |    50 ||   195
